 Dungeon Crawl Stone Soup version 0.30.1-4-g462c640d31 (webtiles) character file.

Game seed: 5858574658849688468

281 Almogavar the Trooper (level 6, -3/58 HPs)
             Began as a Gargoyle Fighter on Aug 31, 2023.
             Killed from afar by an orc wizard (10 damage)
             ... with a magic dart
             ... on level 4 of the Dungeon.
             The game lasted 00:08:22 (2935 turns).

Almogavar the Trooper (Gargoyle Fighter)            Turns: 2935, Time: 00:08:23

Health: -3/58      AC: 23    Str: 21    XL:     6   Next: 27%
Magic:  6/6        EV:  2    Int:  9    God:
Gold:   109        SH:  0    Dex: 15    Spells: 5/5 levels left

rFire   + . .        a - +0 flail
rCold   + . .        c - +0 buckler
rNeg    + + .        b - melded +0 scale mail
rPois   ∞            (helmet currently unavailable)
rElec   +            (cloak currently unavailable)
rCorr   +            k - melded +1 pair of gloves
SInv    .            (boots currently unavailable)
Will    .....        l - amulet of magic regeneration
Stlth   +            q - ring of positive energy
HPRegen 0.29/turn    u - +6 ring of dexterity
MPRegen 0.50/turn

%: no passive effects
@: confused, brilliant, tree-form, resistant, weak-willed, attractive, studying
Transmutations
A: stationary, stasis, torment immunity, boosted hp, sickness immunity, AC +4,
negative energy resistance 1, (electricity resistance), torment resistance 1,
petrification resistance
a: no special abilities


You were on level 4 of the Dungeon.
You were a tree.
You visited 1 branch of the dungeon, and saw 4 of its levels.

You collected 109 gold pieces.

Inventory:

Hand Weapons
 a - a +0 flail (weapon)
Armour
 b - a +0 scale mail (melded)
 c - a +0 buckler (worn)
 h - an orb of mayhem
 k - a +1 pair of gloves (melded)
 p - an orb of guile
Jewellery
 l - an amulet of magic regeneration (around neck)
 q - a ring of positive energy (left branch)
 u - a +6 ring of dexterity (right branch)
Wands
 r - a wand of quicksilver (10)
Scrolls
 o - a scroll of fear
 x - a scroll of teleportation
Potions
 d - a potion of might
 n - a potion of heal wounds {unknown}
 s - a potion of brilliance
 w - a potion of magic {unknown}
 z - a potion of mutation {unknown}


   Skills:
 + Level 4.5 Fighting
 + Level 4.4 Maces & Flails
 + Level 4.4 Armour
 + Level 0.1 Stealth
 + Level 4.1 Shields


You had 5 spell levels left.
You didn't know any spells.
Your spell library contained the following spells:

 Spells                   Type           Power      Damage    Failure   Level
 Summon Lightning Spire   Summ/Air       0%         N/A       99%         4
 Storm Form               Tmut/Air       0%         N/A       100%        7
 Maxwell's Capacitive Co  Air            0%         ∞         100%        8


Dungeon Overview and Level Annotations

Branches:
Dungeon (4/15)
 Temple: D:4-7

Altars:


Innate Abilities, Weirdness & Mutations

You are a tree.
Your roots penetrate the ground, keeping you stationary.
You cannot be teleported.
You are immune to unholy pain and torment.
Your maximum health is greatly increased.
Your equipment is partially melded.
You are immune to sickness and miasma.
((Your stone body is resilient. (AC +4)))
You are immune to poison.
You resist negative energy. (rN+)
((You are resistant to electric shocks. (rElec)))
You are resistant to unholy torment.
You are immune to petrification.


Message History

You are confused.
The orc barely misses you.
Unknown command.
You hit the orc.
You kill the orc!
You hear some strange, mumbled words.
You are more confused.
Something hits you but does no damage.
You miss something. Something hits you but does no damage.
Something completely misses you.
Something hits you but does no damage. x2
You completely miss something.
Something hits you but does no damage. x4
Something hits you but does no damage. x2
You bump into the rock wall.
Something hits you but does no damage.
You hear some strange, mumbled words.
A puff of flame appears from out of thin air!
The puff of flame hits you!
* * * LOW HITPOINT WARNING * * *
It was a potion of brilliance.
You feel clever all of a sudden. Something hits you but does no damage.
Something hits you.
* * * LOW HITPOINT WARNING * * *
It was a potion of attraction.
You feel attractive to monsters.
Something hits you but does no damage. x2
It was a potion of resistance.
You feel protected.
You hear some strange, mumbled words.
Something tries to affect you, but you resist.
Something hits you but does no damage.
It was a potion of lignification.
You turn into a tree.
Your +1 pair of gloves melds into your body.
Your +0 scale mail melds into your body.
Your roots penetrate the ground.
You hear some strange, mumbled words.
You are more confused.
You hear some strange, mumbled words.
A magic dart appears from out of thin air!
The magic dart hits you!
You die...

# #. #+##### #..
#.§...# ....
#§§..<# .....
#§§...#
......###)######
..?....♣{........
........{........
.................
.................
.............####
....######+###
.... ...


There were no monsters in sight!

Vanquished Creatures
  A phantom (D:3)
  3 orc wizards (D:3)
  4 adders
  2 worms
  A dart slug (D:3)
  11 orcs
  8 ball pythons
  3 endoplasms
  4 giant cockroaches
  9 goblins
  6 hobgoblins
  6 quokkas
  4 bats
  6 frilled lizards
  5 kobolds
  6 rats
79 creatures vanquished.

Notes
Turn   | Place    | Note
-------+----------+-------------------------------------------
     0 | D:1      | Almogavar the Gargoyle Fighter began the quest for the Orb.
     0 | D:1      | Reached XP level 1. HP: 14/14 MP: 1/1
   123 | D:1      | Reached XP level 2. HP: 19/19 MP: 2/2
   618 | D:1      | Reached XP level 3. HP: 23/23 MP: 3/3
  1409 | D:2      | Reached XP level 4. HP: 16/29 MP: 4/4
  1710 | D:2      | Found a faded altar of an unknown god.
  2230 | D:3      | Reached XP level 5. HP: 25/33 MP: 5/5
  2426 | D:3      | Noticed a phantom
  2445 | D:3      | Killed a phantom
  2446 | D:3      | Reached XP level 6. HP: 29/39 MP: 6/6
  2935 | D:4      | Killed from afar by an orc wizard

Illustrated notes

Levels and vault maps discovered:
D:1:      psy_arrival_terrarium, layout_basic
D:2:      layout_loops_ring, chequers_ecumenical_altar_simple_redux,
          minmay_misc_feat_hallway, grunt_ministairs_12, kennysheep_boxes
D:3:      layout_basic
D:4:      layout_gridville, enter_ossuary_2, serial_shops, shop,
          minmay_joined_circles, uniq_edmund

Skill      XL: |  1  2  3  4  5 |
---------------+----------------+-----
Fighting       | 4 |  4.5
Maces & Flails | 3 4 |  4.4
Armour         | 4 |  4.4
Shields        | 4 |  4.1
Stealth        | |  0.1

Action                     |  1- 3 |  4- 6 || total
---------------------------+-------+-------++-------
  Melee: Flail             |   174 |   147 ||   321
    Use: Scroll            |       |     6 ||     6
         Potion            |       |     4 ||     4
 Armour: Scale mail        |   143 |    95 ||   238
  Dodge: Dodged            |   106 |    60 ||   166
  Block: Buckler           |    39 |    25 ||    64
